 Dungeon Crawl Stone Soup version 0.30-a0-377-g5cb311bc9f (webtiles) character file.

Game seed: 16902330978576809730

40 qeuew the Shield-Bearer (level 3, 0/30 HPs)
             Began as a Formicid Fighter on Nov 28, 2022.
             Slain by a hobgoblin (3 damage)
             ... on level 2 of the Dungeon.
             The game lasted 00:00:57 (1333 turns).

qeuew the Shield-Bearer (Formicid Fighter)          Turns: 1333, Time: 00:00:58

Health: 0/30       AC:  6    Str: 20    XL:     3   Next: 72%
Magic:  3/3        EV:  9    Int:  7    God:
Gold:   98         SH:  5    Dex: 15    Spells: 2/2 levels left

rFire   . . .      SeeInvis +    a - +0 war axe (drain)
rCold   . . .      Faith    .    c - +0 buckler
rNeg    . . .      Spirit   .    b - +0 scale mail
rPois   +          Reflect  .    (helmet unavailable)
rElec   .          Harm     .    (no cloak)
rCorr   .          Rampage  .    (no gloves)
Will    .....                    (no boots)
Stlth   ..........               (no amulet)
HPRegen 0.25/turn                (no ring)
MPRegen 0.08/turn                (no ring)

@: no status effects
A: permanent stasis, dig shafts and tunnels, antennae 3, four strong arms,
poison resistance
a: Dig, Shaft Self


You were on level 2 of the Dungeon.
You visited 1 branch of the dungeon, and saw 2 of its levels.

You collected 98 gold pieces.

Inventory:

Hand Weapons
 a - a +0 war axe of draining (weapon)
Armour
 b - a +0 scale mail (worn)
 c - a +0 buckler (worn)
Jewellery
 f - a ring of ice
Scrolls
 e - a scroll of identify {unknown}
 h - a scroll of vulnerability {unknown}
Potions
 d - a potion of might
 g - a potion of flight {unknown}
 i - 2 potions of cancellation
 j - a potion of mutation


   Skills:
 + Level 3.6 Fighting
 + Level 2.4 Axes
 + Level 3.6 Armour
 + Level 1.0 Dodging
 + Level 4.4 Shields


You had 2 spell levels left.
You didn't know any spells.
Your spell library contained the following spells:

 Spells                   Type           Power      Damage    Failure   Level
 Ignite Poison            Fire/Tmut/Pois 0%         N/A       99%         3
 Kindle Blastsparks       Fire/Tloc/Air  0%         2d10      99%         3
 Freezing Cloud           Conj/Ice/Air   0%         6-21      100%        5


Dungeon Overview and Level Annotations

Branches:
Dungeon (2/15)

Altars:

Shops:
D:2 (

Annotations:
D:2 Robin


Innate Abilities, Weirdness & Mutations

You cannot be hasted, slowed, berserked, paralysed or teleported.
You can dig through walls and to a lower floor.
You have a pair of large antennae on your head. (SInv)
Your four strong arms can wield two-handed weapons with a shield.
Your system is resistant to poisons. (rPois)


Message History

The gnoll hits you with a +0 spear. The hobgoblin hits you.
You barely miss the gnoll.
The gnoll is moderately wounded.
You barely miss the hobgoblin. You closely miss the goblin.
The goblin hits you but does no damage. The gnoll closely misses you.
A hobgoblin comes into view.
The hobgoblin barely misses you.
You slash the gnoll!
You kill the gnoll!
You closely miss the hobgoblin. You closely miss the goblin.
You block the hobgoblin's attack. The goblin hits you but does no damage.
The hobgoblin barely misses you. You block the frilled lizard's attack.
Robin roars a battlecry!
The goblins go into a battle-frenzy!
The goblin hits you with a +0 club.
You hear a shout! x3; You hear an angry hiss. x2
Your Dodging skill increases to level 1!
You slash the frilled lizard!
You kill the frilled lizard!
You closely miss the goblin. You hit the hobgoblin. You drain the hobgoblin.
The goblin hits you but does no damage.
Robin's bangles clink loudly.
The hobgoblin hits you.
A goblin comes into view. It is wielding a +0 dagger.
You barely miss the goblin. You closely miss the hobgoblin.
The goblin shouts!
You hear a shout!
You block the hobgoblin's attack. You block the goblin's attack.
A goblin comes into view. It is wielding a +0 club.
You hear a shout!
Unknown command.
You closely miss the goblin. You barely miss the hobgoblin.
The hobgoblin hits you.
* * * LOW HITPOINT WARNING * * *
A rat comes into view.
The goblin hits you with a +0 club.
* * * LOW HITPOINT WARNING * * *
Robin completely misses you.
A goblin comes into view. It is wielding a +0 club.
The hobgoblin hits you.
You die...

....#
#................?..#
....#
#..[........).......#
....#
#........###........#
....#
###.#.....#........#
#####
###+#.....#......∩.#
!.........#.########
..........#.#
>.....gg..#.#
..gg.gg@r.#.#
g###.####.#.# #...#
#.#.# ...#.# ###.#.#
#)#.# #.#.. { #.#..


You could see Robin, 2 hobgoblins, 4 goblins and a rat.

Vanquished Creatures
  A gnoll (D:2)
  An adder (D:2)
  A worm (D:2)
  4 ball pythons
  2 bats (D:2)
  2 goblins
  2 kobolds (D:2)
  3 quokkas
  2 frilled lizards
  A rat (D:2)
19 creatures vanquished.

Notes
Turn   | Place    | Note
-------+----------+-------------------------------------------
     0 | D:1      | qeuew the Formicid Fighter began the quest for the Orb.
     0 | D:1      | Reached XP level 1. HP: 18/18 MP: 1/1
  1023 | D:1      | Gained mutation: Your system is resistant to poisons.
                  | (rPois) [potion of mutation]
  1123 | D:2      | Reached XP level 2. HP: 20/24 MP: 2/2
  1244 | D:2      | Reached XP level 3. HP: 22/29 MP: 3/3
  1298 | D:2      | Found Huessaim's Weapon Boutique.
  1327 | D:2      | Noticed Robin
  1331 | D:2      | Reached skill level 1 in Dodging
  1333 | D:2      | Slain by a hobgoblin

Illustrated notes

Levels and vault maps discovered:
D:1:      dpeg_arrival_three_same_balls, layout_basic, serial_aquarium,
          aquarium_bridge_square [aquarium_subvault_wall,
          aquarium_subvault_wall, aquarium_subvault_wall,
          aquarium_subvault_bridge], aquarium_window_corner,
          aquarium_window_corner, aquarium_view_2a, aquarium_view_2d,
          aquarium_pool_1
D:2:      layout_basic, serial_shops, shop, minmay_octomino_c4, uniq_robin

Skill      XL: |  1  2  3 |
---------------+----------+-----
Dodging        | 1 |  1.0
Fighting       | |  3.6
Axes           | |  2.4
Armour         | |  3.6
Shields        | |  4.4

Action                   || total
-------------------------++-------
Melee: War axe           ||    48
  Use: Potion            ||     4
       Scroll            ||     2
Armor: Scale mail        ||    21
Dodge: Dodged            ||    27
Block: Buckler           ||    25

Table legend: (Time is in decaauts)
 A = Elapsed time spent in this place.
 B = Non-inter-level travel time spent in this place.
 C = Inter-level travel time spent in this place.
 D = Time resting spent in this place.
 E = Time spent auto-exploring this place.
 F = Levels seen in this place.
 G = Mean time per level.
                   A        B        C        D        E       F      G
               +--------+--------+--------+--------+--------+-----+--------+
         Total |   1353 |   1293 |     60 |      0 |   1149 |   2 |  676.5 |
       Dungeon |   1353 |   1293 |     60 |      0 |   1149 |   2 |  676.5 |
               +--------+--------+--------+--------+--------+-----+--------+

Top non-repeatable levels by time:
     D:1: 1087 daAuts
     D:2: 265 daAuts
